 Dungeon Crawl Stone Soup version 0.30-a0-390-g80c34de65d (webtiles) character file.

Game seed: 7671381747301725796

139512 ragingrage the Spear-Bearer (level 17, -11/139 HPs)
             Began as a Gnoll Cinder Acolyte on Dec 3, 2022.
             Was a High Priest of Ignis.
             Mangled by an anaconda (14 damage)
             ... led by a naga ritualist
             ... on level 3 of the Snake Pit on Dec 5, 2022.
             The game lasted 01:11:14 (53456 turns).

ragingrage the Spear-Bearer (Gnoll Cinder Acolyte) Turns: 53456, Time: 01:11:15

Health: -11/139    AC: 11    Str: 21    XL:     17   Next: 28%
Magic:  2/29       EV: 13    Int: 21    God:    Ignis [*****.]
Gold:   1035       SH:  2    Dex:  7    Spells: 7/40 levels left

rFire   + + .      SeeInvis +    u - +2 lajatang (pain)
rCold   . . .      Faith    .    (shield currently unavailable)
rNeg    + . .      Spirit   .    v - +1 leather armour {rPois}
rPois   +          Reflect  .    L - +0 helmet
rElec   +          Harm     .    (no cloak)
rCorr   .          Rampage  .    J - +1 pair of gloves
Will    +....                    (no boots)
Stlth   ++++......               M - amulet "Ylimeadgh" {rF+ Regen+}
HPRegen 1.23/turn                t - ring of the Octopus King {rN+ HP+2 AC+2 EV+2 SH+2}
MPRegen 0.21/turn                r - ring "Famnem" {Drain rElec Str+6 SInv}

@: lethally poisoned (-11 -> -12), constricted
A: fangs 1, strong nose, distributed training, talons 1, low MP 1, evolution 1
a: Renounce Religion, Fiery Armour, Foxfire Swarm


You were on level 3 of the Snake Pit.
You worshipped Ignis.
Ignis was extremely pleased with you.
You visited 5 branches of the dungeon, and saw 26 of its levels.
You also visited: Bailey.

You collected 2329 gold pieces.
You spent 1294 gold pieces at shops.

Inventory:

Hand Weapons
 u - a +2 lajatang of pain (weapon)
 G - a +3 morningstar of holy wrath
Missiles
 y - 3 throwing nets
 E - 2 curare-tipped darts
 H - 45 poisoned darts
Armour
 v - a +1 leather armour of poison resistance (worn)
 J - a +1 pair of gloves (worn)
 L - a +0 helmet (worn)
 R - +0 acid dragon scales
 T - a +0 buckler
 X - the +1 robe of Lifelessness {Fly rC+++ Dex+4 Stlth-}
   (You found it on level 12 of the Dungeon)

   Dex:       It affects your dexterity (+4).
   rC:        It renders you almost immune to cold.
   Fly:       It grants you flight.
   Stlth:     It makes you less stealthy.
Jewellery
 r - the ring "Famnem" (right hand) {Drain rElec Str+6 SInv}
   (You bought it in a shop on level 2 of the Orcish Mines)

   [ring of see invisible]

   Str:       It affects your strength (+6).
   rElec:     It insulates you from electricity.
   SInv:      It lets you see invisible.
   Drain:     It drains your maximum health when unequipped.
 t - a ring of the Octopus King (left hand) {rN+ HP+2 AC+2 EV+2 SH+2}
   (You found it on level 5 of the Lair of Beasts)

   [ring of positive energy]

   AC:        It affects your AC (+2).
   EV:        It affects your evasion (+2).
   rN:        It protects you from negative energy.
   HP:        It affects your health (+2).
   SH:        It affects your SH (+2).
 M - the amulet "Ylimeadgh" (around neck) {rF+ Regen+}
   (You bought it in a shop on level 2 of the Orcish Mines)

   [amulet of regeneration]

   rF:        It protects you from fire.
   Regen:     It increases your rate of health regeneration.
Wands
 w - a wand of quicksilver (11)
 F - a wand of roots (9)
 I - a wand of digging (14)
 K - a wand of charming (11)
 N - a wand of flame (22)
 Q - a wand of polymorph (3)
Scrolls
 a - 7 scrolls of enchant weapon
 f - 6 scrolls of fog
 i - 7 scrolls of magic mapping
 l - 4 scrolls of blinking
 o - 7 scrolls of teleportation
 s - a scroll of brand weapon
 x - a scroll of silence
 B - 2 scrolls of fear
 C - 10 scrolls of amnesia
 O - 2 scrolls of summoning
 S - a scroll of immolation
 U - 2 scrolls of torment
Potions
 b - 5 potions of attraction
 c - 4 potions of ambrosia
 d - 9 potions of might
 e - 4 potions of cancellation
 g - 8 potions of brilliance
 h - 4 potions of heal wounds
 j - 3 potions of resistance
 k - 8 potions of curing
 n - 7 potions of flight
 p - 5 potions of invisibility
 q - 7 potions of haste
 A - 3 potions of lignification
 P - 4 potions of mutation
 V - 2 potions of magic
 Y - a potion of berserk rage
Miscellaneous
 m - a phial of floods (inert)
 z - a condenser vane (inert)
 W - a box of beasts (inert)
 Z - a lightning rod (4/4)


   Skills:
 + Level 13.5 Fighting
 + Level 11.9 Short Blades
 + Level 11.9 Long Blades
 + Level 11.9 Axes
 + Level 11.9 Maces & Flails
 + Level 13.5 Polearms
 + Level 11.9 Staves
 + Level 11.9 Ranged Weapons
 + Level 11.9 Throwing
 + Level 11.9 Armour
 + Level 11.9 Dodging
 + Level 11.9 Stealth
 + Level 11.9 Shields
 + Level 11.9 Unarmed Combat
 + Level 12.3 Spellcasting
 + Level 10.1 Conjurations
 + Level 10.1 Hexes
 + Level 10.1 Summonings
 + Level 10.1 Necromancy
 + Level 10.1 Translocations
 + Level 10.1 Transmutations
 + Level 11.5 Fire Magic
 + Level 10.1 Ice Magic
 + Level 10.1 Air Magic
 + Level 10.1 Earth Magic
 + Level 10.1 Poison Magic
 + Level 13.0 Invocations
 + Level 11.9 Evocations


You had 7 spell levels left.
You knew the following spells:

 Your Spells              Type           Power      Damage    Failure   Level
a - Wereblood             Tmut           53%        N/A       1%          2
b - Scorch                Fire           100%       2d10      1%          2
c - Blink                 Tloc           100%       N/A       1%          2
d - Swiftness             Air            53%        N/A       1%          3
e - Sticky Flame          Conj/Fire      55%        2d7       1%          4
f - Frozen Ramparts       Ice            100%       1d16      1%          3
g - Tukima's Dance        Hex            53%        N/A       1%          3
h - Manifold Assault      Tloc           53%        N/A       1%          4
i - Airstrike             Air            26%        2d(4-20)  1%          4
j - Borgnjor's Vile Clut  Necr/Erth      26%        N/A       2%          5
k - Apportation           Tloc           100%       N/A       1%          1

Your spell library contained the following spells:

 Spells                   Type           Power      Damage    Failure   Level
 Beastly Appendage        Tmut           100%       N/A       1%          1
 Shock                    Conj/Air       100%       1d9       1%          1
 Cigotuvi's Dreadful Rot  Necr/Pois/Air  100%       N/A       1%          2
 Momentum Strike          Conj/Tloc      100%       3d10      1%          2
 Poisonous Vapours        Pois/Air       100%       N/A       1%          2
 Gell's Gravitas          Tloc           53%        N/A       1%          3
 Hailstorm                Conj/Ice       53%        3d12      1%          3
 Inner Flame              Hex/Fire       55%        N/A       1%          3
 Kindle Blastsparks       Fire/Tloc/Air  100%       2d18      1%          3
 Lesser Beckoning         Tloc           100%       N/A       1%          3
 Mephitic Cloud           Conj/Pois/Air  53%        N/A       1%          3
 Spider Form              Tmut/Pois      53%        N/A       1%          3
 Teleport Other           Tloc           53%        N/A       1%          3
 Animate Armour           Summ/Erth      100%       N/A       1%          4
 Dispel Undead            Necr           53%        3d19      1%          4
 Flame Wave               Conj/Fire      55%        2d13      1%          4
 Ice Form                 Ice/Tmut       53%        N/A       1%          4
 Passage of Golubria      Tloc           53%        N/A       1%          4
 Petrify                  Tmut/Erth      53%        N/A       1%          4
 Summon Ice Beast         Ice/Summ       53%        N/A       1%          4
 Alistair's Intoxication  Tmut/Pois      35%        N/A       2%          5
 Summon Mana Viper        Hex/Summ       53%        N/A       2%          5
 Yara's Violent Unravell  Hex/Tmut       26%        3d11      2%          5
 Death Channel            Necr           26%        N/A       14%         6
 Dispersal                Tloc           26%        N/A       14%         6
 Simulacrum               Ice/Necr       26%        N/A       14%         6
 Monstrous Menagerie      Summ           26%        N/A       58%         7
 Storm Form               Tmut/Air       26%        N/A       58%         7


Dungeon Overview and Level Annotations

Branches:
Dungeon (15/15)            Temple (0/1) D:6            Lair (5/5) D:10
 Shoals (0/4) Lair:3        Snake (3/4) Lair:3        Slime (0/5) Lair:5
    Orc (2/2) D:12            Elf (1/3) Orc:2        Vaults (0/5) D:13
 Depths (0/4) D:15         Bailey (visited)

Altars:
Ashenzari
Cheibriados
Fedhas
Gozag
Hepliaklqana
Kikubaaqudgha
Nemelex Xobeh
Sif Muna
Wu Jian
Yredelemnul
The Shining One
Jiyva

Shops:
D:5 *:   D:6 (   Orc:1 !   Orc:2 ==:!   Snake:1 :   Snake:3 =

Portals:
Bazaar: D:12
Trove: D:13 (give 2 scrolls of acquirement)

Annotations:
D:4 Sigmund
D:13 exclusion: orange crystal statue


Innate Abilities, Weirdness & Mutations

You have very sharp teeth.
Your uncanny sense of smell can sniff out nearby items.
Your experience applies equally to all skills.
You have sharp toenails.
Your magical capacity is low. (-10% MP)
You have hidden genetic potential.


Message History

Okay, then.
Clouds of flame condense around you!
The condenser dries out!
You feel sick.
* * * LOW HITPOINT WARNING * * *
You are more poisoned.
The black mamba is engulfed in blazing flames.
The anaconda is engulfed in blazing flames.
The anaconda barely misses you. The anaconda bites you!
* * * LOW HITPOINT WARNING * * *
The anaconda is engulfed in blazing flames.
The salamander mystic hits you but does no damage.
The black mamba is engulfed in blazing flames.
The naga is engulfed in blazing flames.
The mana viper is engulfed in blazing flames.
The anaconda is engulfed in blazing flames.
The anaconda grabs you. The anaconda bites you.
* * * LOW HITPOINT WARNING * * *
The anaconda constricts you.
* * * LOW HITPOINT WARNING * * *
The anaconda is engulfed in blazing flames.
You feel better.
You are poisoned.
The naga ritualist's toxic aura wanes.
The black mamba is engulfed in blazing flames.
The anaconda is engulfed in blazing flames.
The anaconda loses its grip on you.
The mana viper is engulfed in blazing flames.
The anaconda is engulfed in blazing flames.
The salamander mystic gestures at you while chanting.
The lance of force hits you!!
* * * LOW HITPOINT WARNING * * *
You are knocked back by the lance of force.
You slam into the rock wall!
* * * LOW HITPOINT WARNING * * *
The naga ritualist is engulfed in blazing flames.
The naga ritualist spits poison at you. The splash of poison misses you.
The black mamba is engulfed in blazing flames.
The anaconda is engulfed in blazing flames.
The anaconda grabs you. The anaconda bites you!
You die...

......####
.?...... ......#
#.....# ##.....#
§####§§§...###..
§§§S.§SS.$....#
§§§N§SN.@#
.§§§§§N§##
..§§§§### .)....
∆∆ ####. .. .. ∆
∆ ...∆ ##### ∆


You could see a salamander mystic, 2 anacondas, a naga ritualist (fast, catching
breath), a mana viper, a black mamba and a naga.

Vanquished Creatures
  Rupert (D:13)
  A nagaraja (Snake:2)
  Louise (Snake:3)
  A stone giant (D:15)
  An ettin (D:13)
  A fire dragon (D:13)
  2 vault guards (Bailey)
  Harold (D:10)
  A salamander tyrant (Snake:2)
  A catoblepas (Lair:5)
  5 anacondas
  A merfolk avatar (Lair:5)
  An ogre mage (D:15)
  4 hydras
  2 boulder beetles (D:14)
  4 centaur warriors
  12 two-headed ogres
  4 naga warriors
  3 tengu warriors
  14 death yaks (Lair:5)
  A shock serpent (Snake:2)
  9 naga sharpshooters
  4 orc high priests (Orc:2)
  A sun demon (D:11)
  2 soul eaters (D:11)
  3 sea snakes
  A sixfirhy (D:11)
  A skeletal warrior (D:8)
  3 naga ritualists
  4 orc knights
  7 deep elf pyromancers
  A lindwurm (Lair:5)
  5 mana vipers
  A deep elf zephyrmancer (Elf:1)
  A harpy (Lair:5)
  9 orc sorcerers
  6 cyclopes
  4 manticores
  5 ugly things
  3 salamanders
  13 elephants
  Joseph (D:7)
  6 naga magi
  15 black mambas
  2 torpor snails (Lair:5)
  11 cane toads
  A kobold demonologist (D:12)
  A gargoyle (D:9)
  2 unseen horrors (D:10)
  An ice devil (D:11)
  4 rime drakes
  14 komodo dragons
  3 tengu conjurers
  A meliai (shapeshifter) (D:13)
  6 trolls
  A queen bee (Lair:3)
  3 hornets
  A polar bear (Lair:3)
  Prince Ribbit (Bailey)
  16 slime creatures
  A raiju (shapeshifter) (D:13)
  24 blink frogs
  A snapping turtle (Lair:3)
  A jumping spider (shapeshifter) (D:15)
  A shadow (D:13)
  A vampire (D:13)
  7 wraiths
  7 basilisks
  12 wyverns
  63 yaks
  3 humans (Bailey)
  6 steam dragons
  4 vampire mosquitoes
  7 wargs
  26 nagas
  16 water moccasins
  An acid dragon (D:9)
  Duvessa (D:7)
  An ice beast (D:8)
  A sky beast (D:6)
  36 orc warriors
  2 black bears
  13 ogres
  25 wolves
  9 centaurs
  2 phantoms
  4 kobold brigands
  20 bullfrogs
  3 scorpions
  A necrophage (D:5)
  3 gnoll sergeants
  10 wights
  Dowan (D:7)
  29 killer bees
  3 electric eels
  9 howler monkeys
  5 quasits
  A jelly (D:6)
  30 orc priests
  4 hounds
  3 gnoll boudas (D:8)
  Jessica (D:3)
  17 orc wizards
  3 iguanas
  A hell rat (Lair:3)
  16 gnolls
  8 adders
  3 river rats (Lair:3)
  A shadow imp (D:6)
  3 white imps
  2 worms
  2 dart slugs
  102 orcs
  5 ball pythons
  10 endoplasms
  6 giant cockroaches
  7 goblins
  5 hobgoblins
  2 jackals (D:3)
  5 quokkas
  6 bats
  5 frilled lizards
  8 kobolds
  6 rats
  A butterfly (Lair:4)
857 creatures vanquished.

Vanquished Creatures (collateral kills)
  Saint Roka (Orc:2)
  2 salamanders (Snake:3)
  A black mamba (Snake:3)
  A freezing wraith (D:15)
  A naga (Snake:1)
  2 orc warriors (Orc:2)
  A gnoll sergeant (D:11)
  An orc (Orc:2)
10 creatures vanquished.

Vanquished Creatures (others)
  A manticore (Lair:5)
  A goblin (D:9)
  3 demonic plants (D:11)
  64 fungi
  103 plants
172 creatures vanquished.

Grand Total: 1039 creatures vanquished

Notes
Turn   | Place    | Note
-------+----------+-------------------------------------------
     0 | D:1      | ragingrage the Gnoll Cinder Acolyte began the quest for the
                  | Orb.
     0 | D:1      | Reached XP level 1. HP: 23/23 MP: 4/4
   126 | D:1      | Reached XP level 2. HP: 29/29 MP: 5/5
   369 | D:1      | Learned a level 2 spell: Scorch
   802 | D:1      | Reached XP level 3. HP: 34/35 MP: 1/7
  1306 | D:2      | Reached skill level 1 in Invocations
  1391 | D:2      | Reached skill level 1 in Short Blades
  1391 | D:2      | Reached skill level 1 in Long Blades
  1391 | D:2      | Reached skill level 1 in Axes
  1391 | D:2      | Reached skill level 1 in Maces & Flails
  1391 | D:2      | Reached skill level 1 in Staves
  1391 | D:2      | Reached skill level 1 in Ranged Weapons
  1391 | D:2      | Reached skill level 1 in Throwing
  1391 | D:2      | Reached skill level 1 in Armour
  1391 | D:2      | Reached skill level 1 in Dodging
  1391 | D:2      | Reached skill level 1 in Stealth
  1391 | D:2      | Reached skill level 1 in Shields
  1391 | D:2      | Reached skill level 1 in Unarmed Combat
  1391 | D:2      | Reached skill level 1 in Evocations
  1592 | D:2      | Learned a level 3 spell: Frozen Ramparts
  1665 | D:2      | You fall into a shaft and drop 2 floors!
  1666 | D:4      | Noticed a scorpion
  1675 | D:5      | Entered Level 5 of the Dungeon
  1694 | D:4      | Noticed Sigmund
  1705 | D:5      | Reached XP level 4. HP: 41/41 MP: 5/8
  2198 | D:3      | Noticed a phantom
  2256 | D:2      | Reached skill level 1 in Conjurations
  2256 | D:2      | Reached skill level 1 in Hexes
  2256 | D:2      | Reached skill level 1 in Summonings
  2256 | D:2      | Reached skill level 1 in Necromancy
  2256 | D:2      | Reached skill level 1 in Translocations
  2256 | D:2      | Reached skill level 1 in Transmutations
  2256 | D:2      | Reached skill level 1 in Ice Magic
  2256 | D:2      | Reached skill level 1 in Air Magic
  2256 | D:2      | Reached skill level 1 in Earth Magic
  2256 | D:2      | Reached skill level 1 in Poison Magic
  2823 | D:3      | Found a blossoming altar of Fedhas.
  2830 | D:3      | Reached XP level 5. HP: 47/47 MP: 4/9
  3428 | D:3      | Found a snail-covered altar of Cheibriados.
  3453 | D:2      | Learned a level 2 spell: Blink
  3502 | D:3      | Killed a phantom
  3503 | D:3      | Reached XP level 6. HP: 48/53 MP: 1/11
  3949 | D:3      | Found a hazy altar of Hepliaklqana.
  4047 | D:3      | Noticed Jessica
  4052 | D:3      | Killed Jessica
  4380 | D:4      | Reached XP level 7. HP: 55/60 MP: 5/12
  4861 | D:5      | Found a glowing golden altar of the Shining One.
  4864 | D:5      | Found an ancient bone altar of Kikubaaqudgha.
  5081 | D:5      | Found a basalt altar of Yredelemnul.
  5299 | D:5      | Found Gasuta's Book Shoppe.
  5504 | D:5      | Found an opulent altar of Gozag.
  5528 | D:5      | Found Gozag's Platinum Reserve.
  6077 | D:6      | Reached XP level 8. HP: 67/67 MP: 2/14
  6212 | D:6      | Found Wuacub's Weapon Emporium.
  6388 | D:6      | Found an ornate altar of the Wu Jian Council.
  6472 | D:6      | Found a staircase to the Ecumenical Temple.
  7244 | D:6      | Found a shimmering blue altar of Sif Muna.
  7549 | D:7      | Reached XP level 9. HP: 54/73 MP: 3/16
  7551 | D:7      | Reached skill level 5 in Spellcasting
  7851 | D:7      | Noticed Dowan
  7916 | D:7      | Found a broken altar of Ashenzari.
  7954 | D:7      | Noticed Joseph
  8028 | D:7      | Killed Joseph
  8430 | D:7      | Noticed Duvessa
  8438 | D:7      | Killed Duvessa
  8444 | D:7      | Killed Dowan
  8652 | D:8      | Reached skill level 5 in Invocations
  9122 | D:8      | Noticed a two-headed ogre
  9130 | D:8      | Killed a two-headed ogre
  9131 | D:8      | Reached skill level 5 in Short Blades
  9131 | D:8      | Reached skill level 5 in Long Blades
  9131 | D:8      | Reached skill level 5 in Axes
  9131 | D:8      | Reached skill level 5 in Maces & Flails
  9131 | D:8      | Reached skill level 5 in Staves
  9131 | D:8      | Reached skill level 5 in Ranged Weapons
  9131 | D:8      | Reached skill level 5 in Throwing
  9131 | D:8      | Reached skill level 5 in Armour
  9131 | D:8      | Reached skill level 5 in Dodging
  9131 | D:8      | Reached skill level 5 in Stealth
  9131 | D:8      | Reached skill level 5 in Shields
  9131 | D:8      | Reached skill level 5 in Unarmed Combat
  9131 | D:8      | Reached skill level 5 in Evocations
  9131 | D:8      | Reached XP level 10. HP: 81/81 MP: 6/18
 10343 | D:9      | Found a flagged portal.
 10452 | Bailey   | Entered a bailey
 11016 | Bailey   | Noticed a vault guard
 11018 | Bailey   | Noticed Prince Ribbit
 11044 | Bailey   | Killed a vault guard
 11155 | Bailey   | Killed Prince Ribbit
 11257 | Bailey   | Noticed a vault guard
 11342 | Bailey   | Killed a vault guard
 11343 | Bailey   | Reached skill level 5 in Conjurations
 11343 | Bailey   | Reached skill level 5 in Hexes
 11343 | Bailey   | Reached skill level 5 in Summonings
 11343 | Bailey   | Reached skill level 5 in Necromancy
 11343 | Bailey   | Reached skill level 5 in Translocations
 11343 | Bailey   | Reached skill level 5 in Transmutations
 11343 | Bailey   | Reached skill level 5 in Ice Magic
 11343 | Bailey   | Reached skill level 5 in Air Magic
 11343 | Bailey   | Reached skill level 5 in Earth Magic
 11343 | Bailey   | Reached skill level 5 in Poison Magic
 11343 | Bailey   | Reached XP level 11. HP: 56/89 MP: 6/21
 11683 | D:9      | Noticed a two-headed ogre
 11915 | D:9      | Identified a scroll of acquirement
 11915 | D:9      | Acquired the Parchment of Flames and the Quarry
 11979 | D:9      | Noticed a two-headed ogre
 11991 | D:9      | Killed a two-headed ogre
 12741 | D:9      | Noticed a two-headed ogre
 12766 | D:9      | Killed a two-headed ogre
 13085 | D:10     | Entered Level 10 of the Dungeon
 13089 | D:10     | Noticed Harold
 13947 | D:10     | Found a staircase to the Lair.
 14804 | D:10     | Killed Harold
 14987 | D:11     | Noticed a soul eater
 14987 | D:11     | Noticed a soul eater
 14989 | D:11     | Noticed a sun demon
 15107 | D:11     | Reached XP level 12. HP: 35/97 MP: 9/23
 15137 | D:11     | Noticed a two-headed ogre
 15143 | D:11     | Killed a two-headed ogre
 15881 | Lair:1   | Entered Level 1 of the Lair of Beasts
 15886 | Lair:1   | Learned a level 3 spell: Swiftness
 16418 | Lair:1   | Reached skill level 10 in Fighting
 16418 | Lair:1   | Reached skill level 10 in Polearms
 17667 | Lair:2   | Learned a level 4 spell: Sticky Flame
 18010 | Lair:2   | Noticed a four-headed hydra
 18023 | Lair:2   | Killed a four-headed hydra
 18532 | Lair:2   | Learned a level 2 spell: Wereblood
 19438 | Lair:3   | Reached XP level 13. HP: 104/104 MP: 13/25
 21002 | Lair:3   | Found a staircase to the Snake Pit.
 21550 | Lair:3   | Learned a level 3 spell: Tukima's Dance
 22078 | Lair:3   | Found a staircase to the Shoals.
 25083 | Lair:5   | Entered Level 5 of the Lair of Beasts
 25720 | Lair:5   | Reached skill level 10 in Invocations
 25720 | Lair:5   | Reached XP level 14. HP: 109/113 MP: 10/27
 27710 | Lair:5   | Reached skill level 10 in Spellcasting
 27789 | Lair:5   | Reached skill level 10 in Fire Magic
 28138 | Lair:5   | Learned a level 4 spell: Manifold Assault
 28462 | Lair:5   | Found a staircase to the Slime Pits.
 28557 | Lair:5   | Found a viscous altar of Jiyva.
 28934 | Lair:5   | Found the ring of the Octopus King
 28956 | Lair:5   | Identified a ring of the Octopus King {rN+ HP+2 AC+2 EV+2
                  | SH+2}
 28985 | Lair:5   | Reached skill level 10 in Short Blades
 28985 | Lair:5   | Reached skill level 10 in Long Blades
 28985 | Lair:5   | Reached skill level 10 in Axes
 28985 | Lair:5   | Reached skill level 10 in Maces & Flails
 28985 | Lair:5   | Reached skill level 10 in Staves
 28985 | Lair:5   | Reached skill level 10 in Ranged Weapons
 28985 | Lair:5   | Reached skill level 10 in Throwing
 28985 | Lair:5   | Reached skill level 10 in Armour
 28985 | Lair:5   | Reached skill level 10 in Dodging
 28985 | Lair:5   | Reached skill level 10 in Stealth
 28985 | Lair:5   | Reached skill level 10 in Shields
 28985 | Lair:5   | Reached skill level 10 in Unarmed Combat
 28985 | Lair:5   | Reached skill level 10 in Evocations
 29357 | D:11     | Learned a level 4 spell: Airstrike
 29363 | D:11     | Learned a level 5 spell: Borgnjor's Vile Clutch
 29775 | D:11     | Reached XP level 15. HP: 120/120 MP: 21/29
 31121 | D:12     | Found a staircase to the Orcish Mines.
 31536 | D:12     | Found a gateway to a bazaar.
 31656 | D:12     | Identified the +1 robe of Lifelessness {Fly rC+++ Dex+4
                  | Stlth-}
 31930 | D:12     | Upgraded the game from 0.30-a0-389-g8d7d949f56 to
                  | 0.30-a0-390-g80c34de65d
 32772 | D:13     | Found a gate to the Vaults.
 32941 | D:13     | Noticed Rupert
 32956 | D:13     | Killed Rupert
 33907 | D:13     | Found a portal to a secret trove of treasure.
 34824 | Orc:1    | Entered Level 1 of the Orcish Mines
 35087 | Orc:1    | Found Tomonk's Distillery.
 35108 | Orc:1    | Bought a potion of heal wounds for 65 gold pieces
 35108 | Orc:1    | Bought a potion of berserk rage for 65 gold pieces
 35736 | Orc:2    | Entered Level 2 of the Orcish Mines
 38150 | Orc:2    | Found a staircase to the Elven Halls.
 38229 | Orc:2    | Gained mutation: You do not regenerate when monsters are
                  | visible. [a neqoxec]
 38232 | Orc:2    | Lost mutation: You do not regenerate when monsters are
                  | visible. [potion of mutation]
 38232 | Orc:2    | Gained mutation: You have hidden genetic potential. [potion
                  | of mutation]
 38232 | Orc:2    | Gained mutation: Your magical capacity is low. (-10% MP)
                  | [potion of mutation]
 38892 | Orc:2    | Noticed Saint Roka
 39803 | Orc:2    | Found Miqeroul's Jewellery Emporium.
 39877 | Orc:2    | Found Dogrimio's Jewellery Shoppe.
 40041 | Orc:2    | Killed Saint Roka
 40564 | Orc:2    | Found Wuukkut's Book Boutique.
 40954 | Orc:2    | Found Futhapsido's Distillery.
 41367 | Orc:2    | Reached XP level 16. HP: 129/129 MP: 4/28
 41547 | Orc:2    | Bought the amulet "Ylimeadgh" {rF+ Regen+} for 660 gold
                  | pieces
 41570 | Orc:2    | Bought the ring "Famnem" {Drain rElec Str+6 SInv} for 504
                  | gold pieces
 41642 | Elf:1    | Entered Level 1 of the Elven Halls
 43329 | D:15     | Entered Level 15 of the Dungeon
 44030 | D:15     | Found a sparkling altar of Nemelex Xobeh.
 44530 | D:15     | Found a staircase to the Depths.
 45710 | D:9      | Gained mutation: You have sharp toenails. [hidden
                  | potential]
 46803 | D:13     | Learned a level 1 spell: Apportation
 47346 | Snake:1  | Entered Level 1 of the Snake Pit
 47641 | Snake:1  | Found Leat's Book Boutique.
 50132 | Snake:2  | Reached XP level 17. HP: 100/137 MP: 8/29
 50794 | Snake:2  | Reached skill level 10 in Conjurations
 50794 | Snake:2  | Reached skill level 10 in Hexes
 50794 | Snake:2  | Reached skill level 10 in Summonings
 50794 | Snake:2  | Reached skill level 10 in Necromancy
 50794 | Snake:2  | Reached skill level 10 in Translocations
 50794 | Snake:2  | Reached skill level 10 in Transmutations
 50794 | Snake:2  | Reached skill level 10 in Ice Magic
 50794 | Snake:2  | Reached skill level 10 in Air Magic
 50794 | Snake:2  | Reached skill level 10 in Earth Magic
 50794 | Snake:2  | Reached skill level 10 in Poison Magic
 51307 | Snake:3  | Found Podeneit's Jewellery Boutique.
 52607 | Snake:3  | Noticed Louise
 52615 | Snake:3  | Killed Louise
 53456 | Snake:3  | HP: 3/139 [rock wall collision (7)]
 53456 | Snake:3  | Mangled by an anaconda

Illustrated notes

Levels and vault maps discovered:
D:1:      saegor_arrival_simple_a, layout_basic, nicolae_hexahallways
D:2:      layout_basic, kennysheep_generic_room_5
D:3:      layout_basic, fedhas_altar_2, pf_just_have_faith,
          mainiacjoe_overflow_concentric_impassable, uniq_jessica
D:4:      layout_cave_pools, uniq_sigmund
D:5:      layout_gridville, lemuel_round_altar, grunt_temple_overflow_open,
          nicolae_gozag_zags_fifth_avenue, serial_shops, shop_fountains
D:6:      layout_cave_pools, lemuel_blue_sif_altar,
          nicolae_wu_jian_wuxing_cycle, minmay_temple_entry_large_hall,
          serial_shops, nicolae_shop_crystal, chequers_serial_rivers_micro_d,
          serial_bayou_pond_d, kennysheep_big_empty_room,
          chequers_serial_rivers_micro_c
D:7:      layout_loops_ring, mainiacjoe_overflow_brackets, uniq_duvessa,
          uniq_joseph
D:8:      layout_loops_ring, minmay_misc_feat_chi, minmay_increasing_density
D:9:      nzn_winding_woodlands_stair_cross
          [nzn_winding_woodlands_5x15_river_crossing,
          nzn_winding_woodlands_center_triple_pond,
          nzn_winding_woodlands_5x15_sawtooth,
          nzn_winding_woodlands_5x5_closed_star,
          nzn_winding_woodlands_5x5_cross, nzn_winding_woodlands_5x15_default,
          nzn_winding_woodlands_center_pierced_h,
          nzn_winding_woodlands_5x15_sidewinder], layout_loops_corners,
          enter_bailey_3, minivault_25
D:10:     layout_loops_ring, dpeg_oklobed_lair, nrook_mini_vaults, uniq_harold
D:11:     layout_loops_ring, serial_demonic, serial_demonic_a, serial_demonic_d,
          serial_demonic_e, serial_demonic_e
D:12:     layout_small_grid, david_orc_4, serial_shops, bzr_entry_safe,
          minmay_checkerbox
D:13:     layout_roguey, david_vaults_4, enter_trove_2, minmay_protected_statue,
          uniq_rupert
D:14:     layout_cave_pods, minmay_misc_feat_x
D:15:     grunt_enter_depths_snipers, layout_basic, nemelex_spade_bored_becter
Lair:1:   layout_gridlike
Lair:2:   layout_small_grid, infiniplex_staircase_pool_2
Lair:3:   regret_index_wax_grids, layout_cave_pods, minmay_shoals_entry_hut,
          minmay_snake_entry_guardpost_large
Lair:4:   layout_cave_pods, chequers_serial_rivers_micro_b, serial_bayou_pond_e,
          lemuel_fruit_tree, lemuel_fruit_fields
Lair:5:   gammafunk_lair_ancient_temple, layout_gridlike, slime_entry_1
Snake:1:  layout_chambers, grunt_ministairs_6, st_stairs_10,
          serial_bayou_ford_a, minmay_shop_star
Snake:2:  layout_onion_interference
Snake:3:  layout_grid_shapes, serial_shops, shop, grunt_ministairs_14,
          uniq_louise
Orc:1:    layout_diamond_mine, serial_shops, shop, basic_altar
Orc:2:    pubby_orc_utopia
Elf:1:    eino_elf_arrival_customs, layout_geoelf_octagon, serial_shops,
          nicolae_shop_behind_doors, hangedman_elf_disciples, uniq_frances

Skill      XL: |  1  2  3  4  5  6  7  8  9 10 11 12 13 14 15 16 17 |
---------------+----------------------------------------------------+-----
Invocations    | 1 2 3 4 5 6 7 8 10 11 12 13 | 13.0
Short Blades   | 1 2 3 5 6 7 8 9 10 11 | 11.9
Long Blades    | 1 2 3 5 6 7 8 9 10 11 | 11.9
Axes           | 1 2 3 5 6 7 8 9 10 11 | 11.9
Maces & Flails | 1 2 3 5 6 7 8 9 10 11 | 11.9
Staves         | 1 2 3 5 6 7 8 9 10 11 | 11.9
Ranged Weapons | 1 2 3 5 6 7 8 9 10 11 | 11.9
Throwing       | 1 2 3 5 6 7 8 9 10 11 | 11.9
Armour         | 1 2 3 5 6 7 8 9 10 11 | 11.9
Dodging        | 1 2 3 5 6 7 8 9 10 11 | 11.9
Stealth        | 1 2 3 5 6 7 8 9 10 11 | 11.9
Shields        | 1 2 3 5 6 7 8 9 10 11 | 11.9
Unarmed Combat | 1 2 3 5 6 7 8 9 10 11 | 11.9
Evocations     | 1 2 3 5 6 7 8 9 10 11 | 11.9
Spellcasting   | 3 4 5 6 7 8 9 10 11 12 | 12.3
Conjurations   | 1 2 3 4 5 6 7 8 9 10 | 10.1
Hexes          | 1 2 3 4 5 6 7 8 9 10 | 10.1
Summonings     | 1 2 3 4 5 6 7 8 9 10 | 10.1
Necromancy     | 1 2 3 4 5 6 7 8 9 10 | 10.1
Translocations | 1 2 3 4 5 6 7 8 9 10 | 10.1
Transmutations | 1 2 3 4 5 6 7 8 9 10 | 10.1
Ice Magic      | 1 2 3 4 5 6 7 8 9 10 | 10.1
Air Magic      | 1 2 3 4 5 6 7 8 9 10 | 10.1
Earth Magic    | 1 2 3 4 5 6 7 8 9 10 | 10.1
Poison Magic   | 1 2 3 4 5 6 7 8 9 10 | 10.1
Fighting       | 7 8 9 10 11 12 13 | 13.5
Polearms       | 7 8 9 10 11 12 13 | 13.5
Fire Magic     | 6 7 8 9 10 11 | 11.5

Action                   |  1- 3 |  4- 6 |  7- 9 | 10-12 | 13-15 | 16-18 || total
-------------------------+-------+-------+-------+-------+-------+-------++-------
Melee: Spear             |    51 |    24 |    24 |       |       |       ||    99
       Bite              |     3 |     1 |     4 |    15 |    66 |    62 ||   151
       Punch             |       |       |     2 |     3 |    15 |       ||    20
       Trident           |       |       |    16 |   165 |   965 |   559 ||  1705
       Kick              |       |       |       |       |       |    68 ||    68
       Lajatang          |       |       |       |       |       |   225 ||   225
Throw: Dart              |       |       |     3 |     5 |     4 |       ||    12
       Throwing net      |       |       |       |     2 |       |       ||     2
 Cast: Scorch            |    23 |    65 |   124 |   316 |   329 |       ||   857
       Frozen Ramparts   |       |       |     3 |    47 |    37 |     3 ||    90
       Sticky Flame      |       |       |       |     7 |    60 |       ||    67
       Wereblood         |       |       |       |       |    13 |    10 ||    23
       Manifold Assault  |       |       |       |       |   226 |   224 ||   450
       Borgnjor's Vile C |       |       |       |       |    25 |    37 ||    62
       Tukima's Dance    |       |       |       |       |     3 |     2 ||     5
       Airstrike         |       |       |       |       |    11 |     9 ||    20
       Blink             |       |       |       |       |     1 |       ||     1
       Apportation       |       |       |       |       |       |     8 ||     8
Invok: Rising Flame      |       |       |       |       |     1 |       ||     1
       Fiery Armour      |       |       |       |       |     1 |       ||     1
Evoke: Wand              |       |       |     1 |     9 |    12 |     4 ||    26
       Condenser vane    |       |       |       |       |     3 |     1 ||     4
       Phial of floods   |       |       |       |       |     2 |     1 ||     3
       Box of beasts     |       |       |       |       |     1 |     2 ||     3
  Use: Scroll            |     1 |       |     6 |    11 |    16 |     2 ||    36
       Potion            |       |       |     1 |     1 |     4 |     2 ||     8
 Stab: Sleeping          |     1 |       |       |       |     3 |     4 ||     8
       Petrified         |       |       |       |       |     1 |       ||     1
       Distracted        |       |       |       |       |       |     1 ||     1
Armor: Robe              |     5 |     3 |     3 |       |    29 |    43 ||    83
       Ring mail         |       |       |     5 |     8 |       |       ||    13
       Steam dragon scal |       |       |       |    86 |   142 |       ||   228
       Leather armour    |       |       |       |       |       |    37 ||    37
       Acid dragon scale |       |       |       |       |       |     3 ||     3
Dodge: Dodged            |    21 |    11 |    32 |   170 |   357 |   222 ||   813
Block: Other             |       |       |    16 |    74 |    90 |     5 ||   185
       Reflection        |       |       |     1 |     4 |     1 |       ||     6
       Buckler           |       |       |       |       |   123 |    90 ||   213

Table legend: (Time is in decaauts)
 A = Elapsed time spent in this place.
 B = Non-inter-level travel time spent in this place.
 C = Inter-level travel time spent in this place.
 D = Time resting spent in this place.
 E = Time spent auto-exploring this place.
 F = Levels seen in this place.
 G = Mean time per level.
                   A        B        C        D        E       F      G
               +--------+--------+--------+--------+--------+-----+--------+
         Total |  53127 |  50233 |   2894 |  20392 |  22672 |  27 | 1967.7 |
       Dungeon |  25716 |  23830 |   1886 |   7976 |  12395 |  15 | 1714.4 |
          Lair |  13480 |  12971 |    509 |   6173 |   4963 |   5 | 2696.0 |
     Snake Pit |   5940 |   5758 |    182 |   2679 |   2426 |   3 | 1980.0 |
  Orcish Mines |   6763 |   6506 |    257 |   2971 |   2647 |   2 | 3381.5 |
   Elven Halls |    201 |    142 |     59 |      0 |     94 |   1 |  201.0 |
        Bailey |   1026 |   1026 |      0 |    591 |    146 |   1 | 1026.0 |
               +--------+--------+--------+--------+--------+-----+--------+

Top non-repeatable levels by time:
   Orc:2: 5484 daAuts
  Lair:3: 3918 daAuts
  Lair:5: 3041 daAuts
 Snake:1: 2924 daAuts
 Snake:2: 2911 daAuts
    D:13: 2873 daAuts
     D:9: 2600 daAuts
    D:10: 2593 daAuts
  Lair:2: 2447 daAuts
  Lair:4: 2425 daAuts
    D:12: 2166 daAuts
     D:8: 2040 daAuts
     D:3: 1980 daAuts
    D:15: 1707 daAuts
    D:14: 1650 daAuts
